 Dungeon Crawl Stone Soup version 0.32-a0-411-g744942f433 (webtiles) character file.

Game seed: 12023131863823080787

13127 sleeves the Grappler (level 12, -3/126 HPs)
             Began as an Oni Shapeshifter on Feb 21, 2024.
             Was an Initiate of Gozag.
             Slain by an arcanist
             ... wielding a +0 dagger
              (5 damage)
             ... on level 10 of the Dungeon.
             The game lasted 00:53:14 (13871 turns).

sleeves the Grappler (Oni Shapeshifter)            Turns: 13871, Time: 00:53:15

Health: -3/126     AC:  2    Str: 21    XL:     12   Next: 2%
Magic:  12/12      EV: 22    Int: 15    God:    Gozag
Gold:   1367       SH:  0    Dex: 14    Spells: 11/11 levels left

rFire   . .          .
                       - Unarmed
rCold   . . .        (shield currently unavailable)
rNeg    . . .        a - melded +0 animal skin
rPois   .            (helmet restricted)
rElec   .            f - +0 cloak
rCorr   .            (gloves unavailable)
SInv    .            (boots unavailable)
Will    +....        (no amulet)
Stlth   +            x - +6 ring of dexterity
HPRegen 0.41/turn    w - +5 ring of evasion
MPRegen 0.13/turn

%: no passive effects
@: on fire, flux-form, glowing
A: glow, contaminating, large, unfitting armour, horns 1, tough skin 1, double
potion healing, drunken brawling
a: Begin Untransformation, Renounce Religion, Potion Petition, Call Merchant,
Bribe Branch


You were on level 10 of the Dungeon.
You worshipped Gozag.
Gozag was most pleased with you.
You were something dangerously unstable.
You visited 2 branches of the dungeon, and saw 13 of its levels.
You also visited: Sewer, Ossuary and Bailey.

You collected 1730 gold pieces.
You spent 280 gold pieces at shops.
You paid 83 gold pieces to Gozag.

Inventory:

Hand Weapons
 m - a +0 dagger of venom
   (You took it off a goblin on level 4 of the Dungeon)
Missiles
 D - a throwing net (quivered)
Armour
 a - a +0 animal skin (melded)
 f - a +0 cloak (worn)
   (You found it on level 2 of the Dungeon)
 A - +0 acid dragon scales
   (You took it off Maggie on level 7 of the Dungeon)
Jewellery
 b - a ring of willpower
   (You found it on level 5 of the Dungeon)
 e - the amulet "Ruclaes" {Faith +Blink Fly rF- Str+6}
   (You took it off a kobold on level 4 of the Dungeon)

   [amulet of faith]

   Faith:     It allows you to gain divine favour quickly.
   Str+6:     It affects your strength (+6).
   rF-:       It makes you vulnerable to fire.
   Fly:       It grants you flight.
   +Blink:    It lets you blink.
 w - a +5 ring of evasion (right hand)
   (You found it on level 5 of the Dungeon)
 x - a +6 ring of dexterity (left hand)
   (You found it on level 6 of the Dungeon)
 y - a +6 ring of intelligence
   (You found it on level 7 of the Dungeon)
 H - an amulet of the acrobat
   (You found it on level 9 of the Dungeon)
Talismans
 c - a beast talisman
 d - a flux talisman (active)
Wands
 u - a wand of charming (12)
   (You took it off Ijyb on level 5 of the Dungeon)
Scrolls
 g - a scroll of torment {unknown}
 h - 3 scrolls of fear
 l - 3 scrolls of vulnerability
 n - a scroll of immolation {unknown}
 o - 2 scrolls of revelation
 p - 4 scrolls of fog
 r - 2 scrolls of noise
 v - a scroll of amnesia {unknown}
 z - 2 scrolls of teleportation
 B - 2 scrolls of identify
 F - 2 scrolls of enchant armour
 J - a scroll of summoning {unknown}
Potions
 i - a potion of resistance {unknown}
 j - 4 potions of heal wounds
 k - 9 potions of curing
 q - 4 potions of might
 s - a potion of brilliance {unknown}
 t - a potion of berserk rage {unknown}
 C - a potion of haste {unknown}
 E - a potion of attraction {unknown}
 G - 2 potions of enlightenment {unknown}
 K - a potion of magic


   Skills:
 - Level 10.0 Fighting
 + Level 8.2 Dodging
 - Level 12.0 Unarmed Combat
 + Level 8.3 Shapeshifting


You had 11 spell levels left.
You didn't know any spells.
Your spell library contained the following spells:

 Spells                   Type           Power      Damage    Failure   Level
 Apportation              Tloc           0%         N/A       26%         1
 Sandblast                Erth           0%         2d4       26%         1
 Jinxbite                 Hex            0%         N/A       38%         2
 Fugue of the Fallen      Necr           0%         N/A       63%         3
 Ozocubu's Armour         Ice            0%         N/A       63%         3
 Passwall                 Erth           0%         N/A       63%         3
 Stone Arrow              Conj/Erth      0%         3d7       63%         3
 Summon Ice Beast         Ice/Summ       0%         N/A       63%         3
 Tukima's Dance           Hex            0%         N/A       63%         3
 Volatile Blastmotes      Fire/Tloc      0%         2d10      63%         3
 Brom's Barrelling Bould  Conj/Erth      0%         2d3       95%         4
 Fulminant Prism          Conj/Alch      0%         3d5       95%         4
 Iskenderun's Mystic Bla  Conj/Tloc      0%         2d3       95%         4
 Manifold Assault         Tloc           0%         N/A       95%         4
 Passage of Golubria      Tloc           0%         N/A       95%         4
 Vhi's Electric Charge    Tloc/Air       0%         N/A       95%         4
 Alistair's Intoxication  Alch           0%         N/A       100%        5
 Arcjolt                  Conj/Air       0%         1d10      100%        5
 Fireball                 Conj/Fire      0%         3d3       100%        5
 Iskenderun's Battlesphe  Conj           0%         2d6       100%        5
 Summon Mana Viper        Hex/Summ       0%         N/A       100%        5
 Yara's Violent Unravell  Hex/Alch       0%         3d3       100%        5
 Conjure Ball Lightning   Conj/Air       0%         3x3d6     100%        6
 Plasma Beam              Fire/Air       0%         2x1d10    100%        6
 Monstrous Menagerie      Summ           0%         N/A       100%        7
 Orb of Destruction       Conj           0%         9d5       100%        7
 Maxwell's Capacitive Co  Air            0%         ∞         100%        8


Dungeon Overview and Level Annotations

Branches:
Dungeon (12/15)            Temple (1/1) D:5            Lair (0/5) D:10
    Orc (0/2) D:10          Sewer (visited)         Ossuary (visited)
 Bailey (visited)

Altars:
Ashenzari
Cheibriados
Dithmenos
Elyvilon
Fedhas
Gozag
Hepliaklqana
Kikubaaqudgha
Makhleb
Nemelex Xobeh
Okawaru
Qazlal
Ru
Sif Muna
Trog
Uskayaw
Vehumet
Wu Jian
Xom
Yredelemnul
Zin
The Shining One

Shops:
D:2 [   D:3 *   D:11 !?


Innate Abilities, Weirdness & Mutations

You are something dangerously unstable.
You glow with magical radiation, making you easy to see and hit.
Foes you strike become dangerously contaminated with magical radiation.
You are incapable of wielding weapons or throwing items.
You are too large for most types of armour.
You have a pair of small horns on your head.
You have tough skin. (AC +1)
You gain doubled healing and magic from potions.
Whenever you drink a healing potion, you attack all around you.


Message History

There is a stone staircase leading down here.
You climb downwards.
Found a stone staircase leading down.
There is a stone staircase leading up here.
Found 6 gold pieces.
You now have 1253 gold pieces (gained 6).
An orc priest comes into view. It is wielding a +0 club.
Found 7 stones.
Found an escape hatch in the floor.
The orc priest invokes the aid of Beogh against you.
You resist with significant effort.
An orc wizard comes into view. It is wielding a +0 dagger.
The orc wizard shouts!
The orc wizard mumbles some strange words.
The orc wizard flickers and vanishes!
Deactivating autopickup; reactivate with Ctrl-A.
You closely miss the orc priest. The orc priest misses you.
You hit the orc priest.
The orc priest begins to glow.
You headbutt the orc priest.
The orc priest is severely wounded.
An orc comes into view. It is wielding a +0 club.
The orc priest hits you with a +0 club.
The orc shouts!
You hit the orc priest.
The orc priest glows dangerously bright.
The orc priest is almost dead.
The orc priest looks satisfied for a moment.
You punch the orc priest!
You kill the orc priest!
Things that are here:
9 gold pieces; a +0 club; a +0 scale mail You closely miss something.
You barely miss something. Your headbutt misses something. Something hits you.
You closely miss something. Something hits you.
You punch something!
The orc wizard begins to glow.
Your headbutt misses the orc wizard.
The orc wizard is severely wounded.
The orc wizard hits you with a +0 dagger.
You barely miss the orc wizard.
The orc wizard is severely wounded.
The orc wizard hits you but does no damage.
You punch the orc wizard!
You kill the orc wizard!
Reactivating autopickup.
The orc completely misses you.
Things that are here:
6 gold pieces; a +0 dagger; a +0 robe You hit the orc.
The orc begins to glow.
You headbutt the orc, but do no damage.
The orc is moderately wounded.
The orc misses you.
You hit the orc.
The orc glows dangerously bright.
You headbutt the orc.
The orc is almost dead.
The orc hits you with a +0 club.
You punch the orc!
You kill the orc!
You now have 1259 gold pieces (gained 6).
Things that are here:
a +0 club; a +0 leather armour You now have 1265 gold pieces (gained 6).
Things that are here:
a +0 dagger; a +0 robe You now have 1274 gold pieces (gained 9).
Things that are here:
a +0 club; a +0 scale mail
Things that are here:
a +0 dagger; a +0 robe
Things that are here:
a +0 club; a +0 leather armour You see here 7 stones.
There is an escape hatch in the floor here.
HP restored.
Found a scroll of teleportation.
z - 2 scrolls of teleportation (gained 1)
A wraith comes into view.
A wraith is nearby!
You punch the wraith!
The wraith begins to glow.
The wraith is moderately damaged.
The wraith hits you!
You hit the wraith but do no damage.
The wraith glows dangerously bright.
The wraith is moderately damaged.
You hit the wraith but do no damage.
The wraith shudders as magic cascades through it!
The wraith is heavily damaged.
The wraith completely misses you.
You punch the wraith!
The wraith begins to glow.
The wraith is almost destroyed.
The wraith closely misses you.
You hit the wraith but do no damage.
The wraith glows dangerously bright.
You headbutt the wraith, but do no damage.
The wraith is almost destroyed.
The wraith hits you!
You hit the wraith but do no damage.
The wraith shudders as magic cascades through it!!
You destroy the wraith!
You start resting.
HP restored.
You now have 1280 gold pieces (gained 6).
Found a twisted copper wand.
I - a wand of quicksilver (4)
Found Great Wizards, Vol.
VII.
Found a leather armour.
Found 3 silver javelins.
You pick up Great Wizards, Vol.
VII and begin reading...
You add the spells Tukima's Dance, Passage of Golubria and Yara's Violent Unravelling to your library.
Okay, then.
Found a scroll labelled POSYXU YRENU.
J - a scroll labelled POSYXU YRENU
Found a scroll of fear.
h - 4 scrolls of fear (gained 1)
Found an escape hatch in the ceiling.
Found a dagger.
You see here a +0 dagger.
Found a stone staircase leading down.
There is a stone staircase leading down here.
You climb downwards.
You feel a wave of frost pass over you.
There is an entrance to an ice cave on this level.
Hurry and find it before the portal melts!
There is a stone staircase leading up here.
You climb upwards.
There is a stone staircase leading down here.
Found a runed long sword.
You see here a +3 long sword.
Found 13 gold pieces.
Found 10 gold pieces.
You now have 1293 gold pieces (gained 13).
Found a rapier.
You now have 1303 gold pieces (gained 10).
Found 14 gold pieces.
Found Lealuth's Distillery.
Found a potion of lignification.
There is an entrance to Lealuth's Distillery here.
k - 6 potions of curing (gained 1);
k - 7 potions of curing (gained 1)
k - 8 potions of curing (gained 1);
K - a potion of magic
k - 9 potions of curing (gained 1) Thank you for shopping at Lealuth's Distillery!
A two-headed ogre and an ogre come into view.
The two-headed ogre shouts in stereo!
The ogre shouts!
You hear an angry buzzing noise.
An ogre comes into view. It is wielding a +0 giant spiked club.
A two-headed ogre comes into view. It is wielding two +0 giant clubs.
There are monsters nearby!
You see here 14 gold pieces.
An ogre is nearby!
An ogre is nearby!
The ogre completely misses you.
You punch the ogre!
The ogre begins to glow.
The ogre is moderately wounded.
The two-headed ogre attacks as it pursues you!
The two-headed ogre completely misses you.
The two-headed ogre barely misses you.
You see here a +0 dagger.
You punch the two-headed ogre!
The two-headed ogre begins to glow.
The two-headed ogre is lightly wounded.
The two-headed ogre closely misses you. x2
You barely miss the two-headed ogre.
The two-headed ogre is lightly wounded.
The ogre stops glowing.
The two-headed ogre misses you.
The two-headed ogre hits you with a +0 giant club!!
You hit the two-headed ogre but do no damage.
The two-headed ogre glows dangerously bright.
The two-headed ogre is lightly wounded.
You hit the two-headed ogre.
The two-headed ogre shudders as magic cascades through it!!
The two-headed ogre twists and deforms.
You headbutt the two-headed ogre.
The two-headed ogre is severely wounded.
The two-headed ogre completely misses you.
The two-headed ogre misses you.
You hit the two-headed ogre.
The two-headed ogre begins to glow.
You headbutt the two-headed ogre.
The two-headed ogre is almost dead.
You punch the two-headed ogre!
The two-headed ogre glows dangerously bright.
The two-headed ogre is almost dead.
The two-headed ogre completely misses you.
The two-headed ogre closely misses you.
You hit the two-headed ogre.
You kill the two-headed ogre!
Training target 12.0 for Unarmed Combat reached!
Your Dodging skill increases to level 7!
Your Unarmed Combat skill increases to level 12!
You punch the ogre!
The ogre begins to glow.
The ogre is severely wounded.
The ogre barely misses you.
You punch the ogre!
You kill the ogre!
Training target 10.0 for Fighting reached!
Your Fighting skill increases to level 10!
You now have 1057 gold pieces (gained 34).
Items here: )))).
You start resting.
HP restored.
An ogre mage comes into view. It is wielding a +0 club.
Found a stone staircase leading up.
Found a scroll of identify.
Found a book of Lightning.
You pick up a book of Lightning and begin reading...
You add the spell Plasma Beam to your library.
There is a stone staircase leading up here.
The ogre shouts!
You see here a scroll of identify.
B - 2 scrolls of identify (gained 1)
A hornet comes into view.
There is a stone staircase leading up here.
You punch the ogre!
The ogre begins to glow.
You headbutt the ogre.
The ogre is moderately wounded.
The ogre closely misses you.
You punch the ogre!
The ogre glows dangerously bright.
You headbutt the ogre.
The ogre is severely wounded.
You hit the ogre.
The ogre shudders as magic cascades through it!
You kill the ogre!
You now have 1071 gold pieces (gained 14).
You see here a +0 giant spiked club.
You see here a +0 giant spiked club.
There is a stone staircase leading up here.
You climb upwards.
Found 17 gold pieces.
There is a stone staircase leading down here.
Okay, then.
The orc wizard gestures at you while chanting.
The puff of flame hits you!
The orc wizard points at you and mumbles some strange words.
The puff of flame misses you.
The electric eel shoots out a bolt of lightning at you!
The bolt of electricity hits you!
You hear a shout!
Found a staircase to the Lair.
You feel a bit more experienced.
Found 11 gold pieces.
You now have 1087 gold pieces (gained 16).
Okay, then.
An electric eel comes into view.
The electric eel shoots out a bolt of lightning at you!
The bolt of electricity misses you.
HP restored.
An orc warrior comes into view. It is wielding a +0 long sword.
The orc warrior shouts!
You hit the orc warrior.
The orc warrior begins to glow.
The orc warrior is moderately wounded.
You hit the orc warrior but do no damage.
The orc warrior glows dangerously bright.
The orc warrior is moderately wounded.
The orc warrior completely misses you.
You hit the orc warrior.
The orc warrior shudders as magic cascades through it.
The orc warrior twists and deforms.
You headbutt the orc warrior.
The orc warrior is severely wounded.
The orc warrior misses you.
You hit the orc warrior.
The orc warrior begins to glow.
You headbutt the orc warrior.
You kill the orc warrior!
No target in view!
You now have 1090 gold pieces (gained 3).
Things that are here:
a +0 long sword; a +0 plate armour An orc comes into view.
It is wielding a +0 club.
The orc shouts!
The orc misses you.
You punch the orc!
You kill the orc!
No target in view!
You now have 1099 gold pieces (gained 9).
You see here a +0 club.
A two-headed ogre comes into view.
It is wielding a +0 dire flail and a +0 giant club.
Found an encrusted flail. 2 killer bees come into view.
The killer bee buzzes angrily.
You hear a shout! x2
An orc comes into view. It is wielding a +0 club.
The killer bee completely misses you.
You hit the killer bee.
The killer bee begins to glow.
The killer bee is moderately wounded.
The killer bee completely misses you. The killer bee stings you.
You barely miss the killer bee.
The killer bee is moderately wounded.
The killer bee closely misses you. The killer bee misses you.
The killer bee closely misses you. x2
You punch the killer bee!
You kill the killer bee!
The killer bee closely misses you.
You punch the killer bee!
The killer bee begins to glow.
Your headbutt misses the killer bee.
The killer bee is heavily wounded.
The killer bee stings you.
You are poisoned.
The killer bee poisons you! The killer bee completely misses you.
You punch the killer bee!
You kill the killer bee!
You feel sick.
You feel sick.
You now have 1103 gold pieces (gained 4).
You feel sick.
You feel sick.
You now have 1111 gold pieces (gained 8).
You feel sick.
You feel sick.
You are no longer poisoned.
You start resting.
An orc comes into view. It is wielding a +0 club.
The orc shouts!
You hit the orc.
You kill the orc!
No target in view!
An orc comes into view. It is wielding a +0 club.
Things that are here:
5 gold pieces; a +0 club The two-headed ogre shouts in stereo!
Things that are here:
5 gold pieces; a +0 club You barely miss the orc.
You headbutt the orc.
The orc is almost dead.
The orc closely misses you.
You punch the orc!
You kill the orc!
You hit the two-headed ogre.
The two-headed ogre begins to glow.
The two-headed ogre is lightly wounded.
The two-headed ogre completely misses you.
The two-headed ogre barely misses you.
You punch the two-headed ogre!
The two-headed ogre glows dangerously bright.
You headbutt the two-headed ogre, but do no damage.
The two-headed ogre is lightly wounded.
You hit the two-headed ogre.
The two-headed ogre shudders as magic cascades through it!!
The two-headed ogre twists and deforms.
Your headbutt misses the two-headed ogre.
The two-headed ogre is heavily wounded.
The two-headed ogre closely misses you. The two-headed ogre barely misses you.
You hit the two-headed ogre but do no damage.
The two-headed ogre begins to glow.
You headbutt the two-headed ogre.
The two-headed ogre is severely wounded.
You punch the two-headed ogre!
The two-headed ogre glows dangerously bright.
You headbutt the two-headed ogre.
The two-headed ogre is almost dead.
The two-headed ogre barely misses you.
The two-headed ogre hits you with a +0 giant club!
You hit the two-headed ogre.
The two-headed ogre shudders as magic cascades through it.
The two-headed ogre twists and deforms.
You headbutt the two-headed ogre.
The two-headed ogre is almost dead.
You punch the two-headed ogre!
You kill the two-headed ogre!
You now have 1138 gold pieces (gained 27).
Things that are here:
a +0 dire flail; a +0 giant club; a +0 club An orc wizard comes into view.
It is wielding a +0 dagger.
Things that are here:
5 gold pieces; a +0 club You punch the orc wizard!
The orc wizard begins to glow.
You headbutt the orc wizard.
The orc wizard is almost dead.
The orc wizard hits you with a +0 dagger.
You hit the orc wizard.
You kill the orc wizard!
No target in view!
No target in view!
You now have 1151 gold pieces (gained 13).
Things that are here:
a +0 dagger; a +0 robe You now have 1156 gold pieces (gained 5).
You see here a +0 club.
Things that are here:
a +0 dire flail; a +0 giant club; a +0 club An orc wizard comes into view.
It is wielding a +0 dagger.
The orc wizard shouts!
A killer bee comes into view.
The orc wizard casts a spell at you. You resist with almost no effort.
The orc wizard mumbles some strange words.
The orc wizard flickers and vanishes!
Deactivating autopickup; reactivate with Ctrl-A.
There is a strange disturbance nearby!
Something misses you. Something hits you.
You completely miss something. Something hits you but does no damage.
You punch something!
The orc wizard begins to glow.
You headbutt the orc wizard.
You kill the orc wizard!
Reactivating autopickup.
You now have 1162 gold pieces (gained 6).
Things that are here:
a +0 dagger; a +0 robe HP restored.
An orc comes into view. It is wielding a +0 trident.
The orc shouts!
Things that are here:
a +0 dagger; a +0 robe The orc misses you.
You see here 11 gold pieces.
You punch the orc!
You kill the orc!
You now have 1170 gold pieces (gained 8).
You see here a +0 trident.
The killer bee buzzes angrily.
You see here 11 gold pieces.
Things that are here:
a +0 dagger; a +0 robe You miss the killer bee.
A killer bee comes into view.
The killer bee stings you!
You are poisoned.
The killer bee poisons you! The killer bee stings you!
You barely miss the killer bee.
You feel sick.
The killer bee buzzes angrily.
You hear a shout!
The killer bee stings you!
You are more poisoned.
The killer bee poisons you!
You closely miss the killer bee. Your headbutt misses the killer bee.
You feel very sick. The killer bee closely misses you. x2
You miss the killer bee. You headbutt the killer bee.
The killer bee is moderately wounded.
You feel sick. The killer bee stings you.
You are more poisoned.
The killer bee poisons you! The killer bee completely misses you.
You barely miss the killer bee. Your headbutt misses the killer bee.
The killer bee is moderately wounded.
You feel sick.
The killer bee completely misses you. x2
You barely miss the killer bee.
The killer bee is moderately wounded.
You feel very sick. The killer bee closely misses you.
The killer bee misses you. The killer bee closely misses you.
The killer bee misses you.
An orc priest comes into view. It is wielding a +0 mace.
You punch the killer bee!
The killer bee begins to glow.
Your headbutt misses the killer bee.
The killer bee is almost dead.
You feel sick. The killer bee misses you. The killer bee completely misses you.
You closely miss the killer bee.
The killer bee is almost dead.
You feel sick.
The killer bee completely misses you. x2
The orc priest grunts noisily.
The killer bee closely misses you.
The killer bee stings you but does no damage.
You completely miss the killer bee.
The killer bee is almost dead.
You feel sick. The killer bee barely misses you.
The killer bee completely misses you.
An orc wizard comes into view. It is wielding a +0 dagger.
You closely miss the killer bee. You headbutt the killer bee.
You kill the killer bee!
You feel sick. The killer bee completely misses you. The killer bee misses you.
The orc wizard is distracted by your dazzling golden aura.
The orc wizard shouts!
You punch the killer bee!
The killer bee begins to glow.
The killer bee is almost dead.
You feel sick. The killer bee closely misses you.
You hit the killer bee.
You kill the killer bee!
You feel sick.
You feel sick.
The orc wizard is no longer distracted by gold.
You see here 6 gold pieces.
You hit the orc priest.
The orc priest begins to glow.
You headbutt the orc priest.
The orc priest is heavily wounded.
The orc priest closely misses you.
You barely miss the orc priest. You headbutt the orc priest.
The orc priest is severely wounded.
You feel sick. The orc priest completely misses you.
The orc wizard mumbles some strange words.
The orc wizard flickers and vanishes!
Deactivating autopickup; reactivate with Ctrl-A.
You punch the orc priest!
You kill the orc priest!
You feel sick.
You feel sick.
You are no longer poisoned.
The arcanist shouts!
Things that are here:
8 gold pieces; a +0 mace Something completely misses you.
The arcanist casts a spell.
The arcanist seems to speed up.
Something hits you.
A magic dart appears from out of thin air!
The magic dart hits you.
An orc comes into view. It is wielding a +0 flail.
The orc shouts!
You hear a shout!
The arcanist gestures at you while chanting.
The lance of force misses you.
There is a stone staircase leading down here.
You climb downwards.
Reactivating autopickup.
There is a stone staircase leading up here.
You start resting.
HP restored.
You see here a +0 giant spiked club.
There is a stone staircase leading up here.
You climb upwards.
There is a stone staircase leading down here.
You climb downwards.
There is a stone staircase leading up here.
You see here a +0 giant spiked club.
There is a stone staircase leading up here.
You climb upwards.
The orc wizard shouts!
You hear a shout! x3
The orc wizard closely misses you.
There is a stone staircase leading down here.
You closely miss the orc wizard.
An orc comes into view. It is wielding a +0 hand axe.
You hit the orc wizard but do no damage.
The orc wizard begins to glow.
You headbutt the orc wizard.
The orc wizard is lightly wounded.
The orc wizard misses you.
You punch the orc wizard!
The orc wizard glows dangerously bright.
The orc wizard is almost dead.
The orc wizard gestures wildly while chanting.
The orc wizard flickers and vanishes for a moment.
You punch the orc wizard!
You kill the orc wizard!
The electric eel shoots out a bolt of lightning at you!
The bolt of electricity hits you.
An orc comes into view. It is wielding a +0 dagger.
The electric eel shoots out a bolt of lightning at you!
The bolt of electricity misses you.
You punch the orc!
You kill the orc!
The electric eel shoots out a bolt of lightning at you!
The bolt of electricity hits you!
The electric eel shoots out a bolt of lightning at you!
The bolt of electricity hits you.
The orc is distracted by your dazzling golden aura.
The orc is no longer distracted by gold.
The electric eel shoots out a bolt of lightning at you!
The bolt of electricity hits you!
You climb downwards.
There is a stone staircase leading up here.
You start resting.
A hornet is nearby!
The hornet buzzes angrily.
A two-headed ogre comes into view.
It is wielding a +0 giant spiked club and a +0 giant club.
You barely miss the hornet. The hornet completely misses you.
You hit the hornet.
The hornet begins to glow.
The hornet is lightly wounded.
The hornet barely misses you. The hornet stings you!
You feel yourself slow down.
You punch the hornet!
The hornet glows dangerously bright.
You headbutt the hornet, but do no damage.
The hornet is moderately wounded.
The hornet barely misses you.
You punch the hornet!
The hornet shudders as magic cascades through it.
The hornet twists and deforms.
The hornet is severely wounded.
You feel yourself speed up. The hornet completely misses you.
The hornet misses you.
You hit the hornet.
The hornet begins to glow.
The hornet is almost dead.
The hornet stings you but does no damage.
You punch the hornet!
You kill the hornet!
You hit the two-headed ogre.
The two-headed ogre begins to glow.
The two-headed ogre is lightly wounded.
The two-headed ogre misses you. x2
You hit the two-headed ogre.
The two-headed ogre glows dangerously bright.
The two-headed ogre is lightly wounded.
You barely miss the two-headed ogre. You headbutt the two-headed ogre.
The two-headed ogre is lightly wounded.
The two-headed ogre closely misses you. The two-headed ogre barely misses you.
You punch the two-headed ogre!
The two-headed ogre shudders as magic cascades through it.
The two-headed ogre twists and deforms.
The two-headed ogre is moderately wounded.
You punch the two-headed ogre!
The two-headed ogre begins to glow.
The two-headed ogre is heavily wounded.
The two-headed ogre misses you.
The two-headed ogre completely misses you.
You punch the two-headed ogre!
The two-headed ogre glows dangerously bright.
You headbutt the two-headed ogre.
The two-headed ogre is almost dead.
You punch the two-headed ogre!
The two-headed ogre shudders as magic cascades through it!!
You kill the two-headed ogre!
You now have 1187 gold pieces (gained 17).
Things that are here:
a +0 giant spiked club; a +0 giant club You now have 1193 gold pieces (gained 6).
There is a stone staircase leading up, spattered with blood here.
You start resting.
HP restored.
You climb upwards.
The electric eel shoots out a bolt of lightning at you!
The bolt of electricity misses you.
The electric eel shoots out a bolt of lightning at you!
The bolt of electricity hits you!
There is a stone staircase leading down here.
The electric eel shoots out a bolt of lightning at you!
The bolt of electricity misses you.
You hit the electric eel.
The electric eel begins to glow.
The electric eel is lightly wounded.
You punch the electric eel!
The electric eel glows dangerously bright.
You headbutt the electric eel.
The electric eel is almost dead.
You hit the electric eel.
You kill the electric eel!
You now have 1200 gold pieces (gained 7).
No reachable target in view!
Things that are here:
7 gold pieces; a +0 robe; a +0 dagger An orc comes into view.
It is wielding a +1 dagger of electrocution.
The orc shouts!
You hear a shout! x3
Things that are here:
8 gold pieces; a +0 hand axe
There is a stone staircase leading down here.
You start removing your amulet.
You continue removing your amulet of the acrobat. x4
You finish removing your amulet of the acrobat.
You start putting on your amulet.
You continue putting on the amulet "Ruclaes" {Faith +Blink Fly rF- Str+6}. x5
You finish putting on the amulet "Ruclaes" {Faith +Blink Fly rF- Str+6}.
Gozag cares for nothing but gold!
You feel stronger.
You fly up into the air.
e - the amulet "Ruclaes" (around neck) {Faith +Blink Fly rF- Str+6}
Things that are here:
7 gold pieces; a +0 robe; a +0 dagger An orc priest comes into view.
It is wielding a +0 hand axe.
The orc priest shouts!
The orc hits you with a +0 dagger.
You closely miss the orc. The orc barely misses you.
You barely miss the orc. Your headbutt misses the orc.
The orc barely misses you.
You punch the orc!
You kill the orc!
An orc warrior and 2 orcs come into view.
The orc shouts! x2; The orc warrior shouts!
The orc shouts!
The orc misses you.
There is an open door, spattered with blood here.
Items here: $ )) [.
You hit the orc.
The orc begins to glow.
The orc is heavily wounded.
The orc closely misses you.
You hit the orc.
The orc glows dangerously bright.
Your headbutt misses the orc.
The orc is severely wounded.
The orc misses you.
You punch the orc!
You kill the orc!
An orc comes into view. It is wielding a +0 short sword.
You hit the orc.
The orc begins to glow.
The orc is lightly wounded.
The orc misses you.
An orc warrior comes into view. It is wielding a +0 scimitar.
You completely miss the orc.
The orc is lightly wounded.
The orc warrior shouts!
You hear a shout!
You punch the orc!
You kill the orc!
You punch the orc!
You kill the orc!
The orc is distracted by your dazzling golden aura.
You barely miss the orc priest.
The orc priest mumbles some strange prayers to Beogh against you.
Beogh smites you!
The orc shouts!
You punch the orc priest!
The orc priest begins to glow.
The orc priest is almost dead.
The orc priest miscasts a cantrip.
An orc comes into view. It is wielding a +0 dagger.
You hit the orc priest but do no damage.
The orc priest glows dangerously bright.
The orc priest is almost dead.
You hit the orc priest but do no damage.
The orc priest shudders as magic cascades through it!!
You kill the orc priest!
The orc warrior is distracted by your dazzling golden aura.
The orc shouts!
The orc is distracted by your dazzling golden aura.
The orc warrior is no longer distracted by gold.
You closely miss the orc warrior. You headbutt the orc warrior.
The orc warrior is lightly wounded.
The orc is no longer distracted by gold.
The orc warrior closely misses you.
You closely miss the orc warrior. Your headbutt misses the orc warrior.
The orc warrior is lightly wounded.
The orc warrior is distracted by your dazzling golden aura.
The orc is distracted by your dazzling golden aura.
The orc warrior shouts!
The orc shouts!
You hit the orc warrior.
The orc warrior begins to glow.
The orc warrior is no longer distracted by gold.
You headbutt the orc warrior.
The orc warrior is moderately wounded.
You hit the orc warrior.
The orc warrior glows dangerously bright.
The orc warrior is heavily wounded.
The orc warrior completely misses you.
You punch the orc warrior!
The orc warrior shudders as magic cascades through it!!
You kill the orc warrior!
The orc is no longer distracted by gold.
The orc is distracted by your dazzling golden aura.
Your Shapeshifting skill increases to level 8!
You punch the orc!
You kill the orc!
You punch the orc!
You kill the orc!
The orc is no longer distracted by gold.
The orc misses you.
Items here: $ ( ))) [[[.
You hit the orc.
The orc begins to glow.
You headbutt the orc.
You kill the orc!
An electric eel comes into view.
You miss the electric eel. The orc completely misses you.
The electric eel shoots out a bolt of lightning at you!
The bolt of electricity hits you!
You miss the electric eel. Your headbutt misses the electric eel.
The orc hits you with a +0 club.
You punch the electric eel!
The electric eel begins to glow.
The electric eel is heavily wounded.
The orc hits you with a +0 club.
The electric eel shoots out a bolt of lightning at you!
The bolt of electricity hits you.
You hit the electric eel.
The electric eel glows dangerously bright.
The electric eel is severely wounded.
You closely miss the electric eel. You headbutt the electric eel.
The electric eel is almost dead.
The orc completely misses you.
The electric eel shoots out a bolt of lightning at you!
The bolt of electricity hits you! x2
The orc warrior completely misses you.
Items here: $ ( ))) [[[.
An orc warrior comes into view. It is wielding a +0 trident.
The orc warrior shouts!
You hear a shout!
The orc warrior is distracted by your dazzling golden aura.
The orc attacks as it pursues you! The orc completely misses you.
The orc attacks as it pursues you! The orc misses you.
You reach down and close the door.
The orc warrior is no longer distracted by gold.
The orc completely misses you.
You barely miss the orc. You punch the orc warrior!
The orc warrior begins to glow.
Your headbutt misses the orc warrior.
The orc warrior is moderately wounded.
You punch the orc warrior!
The orc warrior glows dangerously bright.
Your headbutt misses the orc warrior.
The orc warrior is heavily wounded.
The orc warrior hits you with a +0 war axe!
The orc warrior hits you from afar with a +0 trident!
* * * LOW HITPOINT WARNING * * *
You hit the orc warrior.
The orc warrior shudders as magic cascades through it!
You kill the orc warrior!
The orc closely misses you.
You punch the orc!
You kill the orc!
The orc warrior barely misses you.
An orc warrior comes into view. It is wielding a +0 broad axe.
The orc warrior completely misses you.
You closely miss the orc warrior. You headbutt the orc warrior!
The orc warrior is moderately wounded.
The orc warrior closely misses you.
You hit the orc warrior.
The orc warrior begins to glow.
The orc warrior is heavily wounded.
The orc warrior hits you with a +0 trident!
* * * LOW HITPOINT WARNING * * *
You hit the orc warrior but do no damage.
The orc warrior glows dangerously bright.
The orc warrior is heavily wounded.
The orc warrior hits you with a +0 trident!
* * * LOW HITPOINT WARNING * * *
You hit the orc warrior.
The orc warrior shudders as magic cascades through it!!
You kill the orc warrior!
You hit the orc warrior.
The orc warrior begins to glow.
The orc warrior is lightly wounded.
The orc warrior barely misses you.
You punch the orc warrior!
The orc warrior glows dangerously bright.
You headbutt the orc warrior, but do no damage.
The orc warrior is heavily wounded.
The orc warrior completely misses you.
You punch the orc warrior!
The orc warrior shudders as magic cascades through it.
You kill the orc warrior!
You start resting.
An electric eel is nearby!
The electric eel shoots out a bolt of lightning at you!
The bolt of electricity hits you!
* * * LOW HITPOINT WARNING * * *
Things that are here:
5 gold pieces; a +0 broad axe; a +0 plate armour The electric eel shoots out a bolt of lightning at you!
The bolt of electricity hits you.
* * * LOW HITPOINT WARNING * * *
The electric eel shoots out a bolt of lightning at you!
The bolt of electricity hits you!
* * * LOW HITPOINT WARNING * * *
The electric eel shoots out a bolt of lightning at you!
The bolt of electricity misses you.
The electric eel shoots out a bolt of lightning at you!
The bolt of electricity misses you.
You now have 1223 gold pieces (gained 23).
Items here: )))) [[.
You reach down and close the door, pushing everything out of the way.
Items here: )))) [[[.
You start resting.
HP restored.
You now have 1239 gold pieces (gained 16).
Items here: ( ))) [[[.
You now have 1245 gold pieces (gained 6).
Things that are here:
a +0 war axe; a +0 chain mail You reach down and open the door.
There is an open door here.
You now have 1252 gold pieces (gained 7).
You see here a +0 club.
You now have 1259 gold pieces (gained 7).
Things that are here:
a +0 trident; a +0 chain mail You now have 1264 gold pieces (gained 5).
Things that are here:
a +0 broad axe; a +0 plate armour
Things that are here:
a +0 war axe; a +0 chain mail You now have 1269 gold pieces (gained 5).
You see here a +0 short sword.
An electric eel is nearby!
The electric eel shoots out a bolt of lightning at you!
The bolt of electricity hits you!
Things that are here:
a +0 war axe; a +0 chain mail The electric eel shoots out a bolt of lightning at you!
The bolt of electricity misses you.
The electric eel shoots out a bolt of lightning at you!
The bolt of electricity hits you! x2
The bolt of electricity hits the electric eel.
The electric eel completely resists.
There is an open door here.
You punch the electric eel!
You kill the electric eel!
You now have 1274 gold pieces (gained 5).
You reach down and close the door.
You start resting.
HP restored.
Things that are here:
a +0 broad axe; a +0 plate armour
Things that are here:
a +0 trident; a +0 chain mail 2 orc priests come into view.
Found a staircase to the Orcish Mines.
The orc priest shouts! x2
The orc priest looks encouraged for a moment.
The orc priest barely misses you.
You punch the orc priest!
The orc priest begins to glow.
The orc priest is severely wounded.
The orc priest hits you with a +0 short sword.
You punch the orc priest!
You kill the orc priest!
No target in view!
No target in view!
You now have 1279 gold pieces (gained 5).
You see here a +0 short sword.
The orc priest is distracted by your dazzling golden aura.
You strike the helpless orc priest from behind!
You punch the orc priest!
You kill the orc priest!
Your Dodging skill increases to level 8!
No target in view!
No target in view!
No target in view!
No target in view!
You now have 1288 gold pieces (gained 9).
Things that are here:
a +0 dagger; a +0 leather armour
Items here: )))) [[[.
Okay, then.
You reach down and open the door.
The electric eel shoots out a bolt of lightning at you!
The bolt of electricity hits you! x2
The bolt of electricity hits the electric eel.
The electric eel completely resists.
There is an open door, spattered with blood here.
You punch the electric eel!
The electric eel begins to glow.
You headbutt the electric eel.
The electric eel is severely wounded.
You hit the electric eel.
The electric eel glows dangerously bright.
The electric eel is almost dead.
You punch the electric eel!
You kill the electric eel!
You now have 1292 gold pieces (gained 4).
You now have 1300 gold pieces (gained 8).
You now have 1307 gold pieces (gained 7).
Things that are here:
a +0 robe; a +0 dagger You now have 1315 gold pieces (gained 8).
You see here a +0 hand axe.
You now have 1332 gold pieces (gained 17).
You see here a +0 trident.
You now have 1343 gold pieces (gained 11).
You now have 1351 gold pieces (gained 8).
You see here a +0 mace.
You now have 1357 gold pieces (gained 6).
You now have 1363 gold pieces (gained 6).
Things that are here:
a +0 robe; a +0 dagger The arcanist shouts!
The arcanist casts a spell.
The arcanist seems to speed up.
You see here the +3 flail of Massacring {venom, ^Fragile rF+ Str+2}.
Okay, then.
Okay, then.
Okay, then.
Aiming: Quicksilver Bolt
Press: ? - help, Shift-Dir - straight line, f - arcanist
Aim: an arcanist, wielding a +0 dagger and wearing a +0 robe (fast, 60% to hit)
The bolt of dispelling energy hits the arcanist!
The arcanist is moderately wounded.
The arcanist's magical effects unravel!
The arcanist gestures wildly while chanting.
The arcanist seems to speed up.
Aiming: Quicksilver Bolt
Press: ? - help, Shift-Dir - straight line, f/p - arcanist
Aim: an arcanist, wielding a +0 dagger and wearing a +0 robe (moderately wounded, fast, 60% to hit)
The bolt of dispelling energy hits the arcanist!
The arcanist is heavily wounded.
The arcanist's magical effects unravel!
The arcanist casts a spell.
The arcanist seems to speed up.
The arcanist points at you and mumbles some strange words.
The bolt of cold hits you!
Aiming: Quicksilver Bolt
Press: ? - help, Shift-Dir - straight line, f/p - arcanist
Aim: an arcanist, wielding a +0 dagger and wearing a +0 robe (heavily wounded, fast, 60% to hit)
The bolt of dispelling energy hits the arcanist!
The arcanist is severely wounded.
The arcanist's magical effects unravel!
The arcanist gestures wildly while chanting.
The arcanist seems to speed up.
The arcanist gestures at you while chanting.
The lance of force hits you!!
You are knocked back by the lance of force.
Aiming: Quicksilver Bolt
Press: ? - help, Shift-Dir - straight line, f/p - arcanist
Aim: an arcanist, wielding a +0 dagger and wearing a +0 robe (severely wounded, fast, 60% to hit)
The bolt of dispelling energy misses the arcanist.
The now-empty wand crumbles to dust.
The arcanist barely misses you.
You hit the arcanist.
The arcanist begins to glow.
You headbutt the arcanist.
The arcanist is almost dead.
The arcanist hits you with a +0 dagger.
You hit the arcanist.
The arcanist glows dangerously bright.
The arcanist is almost dead.
The arcanist completely misses you.
You hit the arcanist.
The arcanist shudders as magic cascades through it!!
You kill the arcanist!
You have reached level 12!
You feel stronger.
You now have 1367 gold pieces (gained 4).
Things that are here:
a +0 dagger; a +0 robe
j - 4 potions of heal wounds (gained 1)
An arcanist comes into view. It is wielding a +0 dagger.
The arcanist shouts!
You hear a shout!
An arcanist is nearby!
An arcanist is nearby!
You start waiting.
An arcanist is nearby!
A deep elf pyromancer comes into view. It is wielding a +3 dagger.
The deep elf pyromancer points at you and mumbles some strange words.
The bolt of fire hits you!! The fire burns you terribly!
The arcanist misses you.
The deep elf pyromancer points at you and mumbles some strange words.
The pyre arrow hits you.
You are covered in intense liquid fire!
You start removing your amulet.
You continue removing the amulet "Ruclaes" {Faith +Blink Fly rF- Str+6}.
The liquid fire burns you!
The arcanist gestures at you while chanting.
The lance of force hits you!!
* * * LOW HITPOINT WARNING * * *
You are knocked back by the lance of force.
You continue removing the amulet "Ruclaes" {Faith +Blink Fly rF- Str+6}.
The liquid fire burns you!
* * * LOW HITPOINT WARNING * * *
You continue removing the amulet "Ruclaes" {Faith +Blink Fly rF- Str+6}.
The liquid fire burns you!
* * * LOW HITPOINT WARNING * * *
You continue removing the amulet "Ruclaes" {Faith +Blink Fly rF- Str+6}.
The liquid fire burns you!
* * * LOW HITPOINT WARNING * * *
You finish removing the amulet "Ruclaes" {Faith +Blink Fly rF- Str+6}.
You float gracefully downwards.
As you read the scroll of fear, it crumbles to dust.
You assume a fearsome visage.
The arcanist resists with some effort.
The deep elf pyromancer resists with some effort.
The liquid fire burns you!
* * * LOW HITPOINT WARNING * * *
The arcanist hits you with a +0 dagger.
You die...
Your body crumbles into a pile of gold.

###....^....##..########
.....^<^........<......
#....^....##..........
#e.....!##...........
#.....##............
###.###.............
##.e................
##..p................
##...p................
##.....................
#......................
........................
#........................
..............ß≈≈≈≈≈≈≈≈≈≈
.............≈ß≈≈≈≈≈≈≈≈≈
.............≈≈.+#######
.............≈≈.#.))....


You could see a deep elf pyromancer and an arcanist.

Vanquished Creatures
  3 two-headed ogres
  An arcanist (D:10)
  Pikel (D:8)
  Joseph (D:7)
  A kobold demonologist (Bailey)
  An unseen horror (D:10)
  Jeremiah (D:6)
  2 unseen horror zombies (D:9)
  Maggie (D:7)
  A komodo dragon (D:10)
  A troll (D:10)
  A hornet (D:11)
  Sigmund (D:4)
  A shadow (D:9)
  2 wraiths
  A wyvern (D:9)
  5 yaks (D:8)
  A basilisk (D:10)
  Edmund (D:4)
  Duvessa (D:4)
  2 water moccasins (D:7)
  15 orc warriors
  A black bear (D:6)
  3 sky beasts
  3 ogres
  3 centaurs
  3 lemures (D:8)
  2 phantoms
  Blork the orc (D:4)
  A weeping skull (Ossuary)
  A bullfrog (D:9)
  5 scorpions
  4 water moccasin zombies (Ossuary)
  7 wights
  8 killer bees
  Dowan (D:4)
  5 electric eels
  A jelly (D:8)
  A centaur skeleton (D:9)
  10 orc priests
  4 iguanas
  2 sleepcaps
  Ijyb (D:5)
  11 orc wizards
  3 crocodile zombies (Ossuary)
  2 mummies (Ossuary)
  Robin (D:4)
  3 gnolls (Bailey)
  9 adders
  A river rat (Sewer)
  A shadow imp (D:7)
  A white imp (D:7)
  4 adder zombies (Ossuary)
  A dart slug (D:2)
  46 orcs
  5 bats
  8 endoplasms
  9 giant cockroaches
  7 gnoll zombies (Ossuary)
  23 goblins
  4 hobgoblins
  5 jackals
  3 quokkas
  10 ball pythons
  6 frilled lizards
  2 goblin zombies (D:5)
  6 kobolds
  4 orc zombies (Ossuary)
  5 rats
292 creatures vanquished.

Vanquished Creatures (collateral kills)
  A kobold demonologist (Bailey)
  A howler monkey skeleton (D:9)
  3 goblins (Bailey)
5 creatures vanquished.

Vanquished Creatures (others)
  2 electric eels (Bailey)
  An orc wizard (D:10)
  A centaur simulacrum (D:9)
4 creatures vanquished.

Grand Total: 301 creatures vanquished

Notes
Turn   | Place    | Note
-------+----------+-------------------------------------------
     0 | D:1      | sleeves the Oni Shapeshifter began the quest for the Orb.
     0 | D:1      | Reached XP level 1. HP: 19/19 MP: 1/1
   213 | D:1      | Reached skill level 3 in Unarmed Combat
   254 | D:1      | Reached XP level 2. HP: 27/27 MP: 2/2
   811 | D:2      | Found Sips's Armour Shop.
   870 | D:2      | Reached XP level 3. HP: 33/33 MP: 3/3
   893 | D:2      | Identified the +1 rapier "Fyobeidi" {heavy, Str+2}
  1026 | D:2      | Reached skill level 4 in Unarmed Combat
  1100 | D:2      | Found a faded altar of an unknown god.
  1426 | D:2      | Reached XP level 4. HP: 29/40 MP: 4/4
  1622 | D:3      | Found Zin's Purification Station.
  1625 | D:3      | Found a glowing silver altar of Zin.
  1797 | D:3      | Found a glowing drain.
  1806 | Sewer    | Entered a sewer
  1964 | Sewer    | Reached skill level 5 in Unarmed Combat
  1964 | Sewer    | Reached XP level 5. HP: 44/48 MP: 5/5
  2335 | D:3      | HP: 24/48 [poisoned by an adder]
  2340 | D:3      | HP: 20/48 [poisoned by an adder]
  2808 | D:4      | Noticed Sigmund
  2903 | D:5      | Entered Level 5 of the Dungeon
  2930 | D:5      | Found a sand-covered staircase.
  2945 | Ossuary  | Entered an ossuary
  3034 | Ossuary  | Noticed a weeping skull
  3037 | Ossuary  | HP: 21/46 [weeping skull (3)]
  3039 | Ossuary  | Killed a weeping skull
  3040 | Ossuary  | Reached XP level 6. HP: 25/55 MP: 6/6
  3044 | Ossuary  | HP: 18/55 [water moccasin zombie (5)]
  3053 | Ossuary  | Reached skill level 4 in Shapeshifting
  3297 | Ossuary  | Reached skill level 6 in Unarmed Combat
  3305 | Ossuary  | Reached XP level 7. HP: 51/62 MP: 7/7
  3314 | Ossuary  | HP: 27/62 [water moccasin zombie (6)]
  3845 | D:4      | Noticed Blork the orc
  3852 | D:4      | HP: 28/62 [Blork the orc/+0 scimitar of electrocution (12)]
  3856 | D:4      | Killed Blork the orc
  3857 | D:4      | Reached skill level 5 in Shapeshifting
  3861 | D:4      | Noticed Robin
  3878 | D:4      | HP: 31/62 [hobgoblin[Robin] (1)]
  3883 | D:4      | HP: 15/62 [goblin/+0 club[Robin] (4)]
  3900 | D:4      | HP: 16/62 [goblin/+0 quarterstaff[Robin] (4)]
  4062 | D:4      | Killed Robin
  4138 | D:4      | Noticed Dowan
  4433 | D:4      | Killed Sigmund
  4434 | D:4      | Reached skill level 7 in Unarmed Combat
  4434 | D:4      | Reached XP level 8. HP: 59/70 MP: 8/8
  4520 | D:4      | Noticed Duvessa
  4632 | D:4      | Identified the amulet "Ruclaes" {Faith +Blink Fly rF-
                  | Str+6}
  4653 | D:4      | Killed Duvessa
  4654 | D:4      | Reached skill level 6 in Shapeshifting
  4669 | D:4      | HP: 19/70 [Dowan/stone arrow (22)]
  4674 | D:4      | Killed Dowan
  4834 | D:4      | Noticed Edmund
  4849 | D:4      | Killed Edmund
  5095 | D:5      | Noticed Ijyb
  5254 | D:5      | Reached skill level 8 in Unarmed Combat
  5359 | D:5      | Killed Ijyb
  5431 | D:5      | Reached skill level 7 in Shapeshifting
  5526 | D:5      | Found a broken altar of Ashenzari.
  5593 | D:5      | Reached XP level 9. HP: 76/76 MP: 9/9
  5635 | D:5      | Found a staircase to the Ecumenical Temple.
  5641 | Temple   | Entered the Ecumenical Temple
  5660 | Temple   | Became a worshipper of Gozag Ym Sagoz the Greedy
  5862 | D:6      | Noticed Jeremiah
  6128 | D:6      | Reached skill level 9 in Unarmed Combat
  6222 | D:6      | HP: 33/68 [Jeremiah/+4 trident of draining (9)]
  6224 | D:6      | Killed Jeremiah
  6226 | D:6      | HP: 14/76 [sky beast (6)]
  6462 | D:6      | Found a glowing golden altar of the Shining One.
  6462 | D:6      | Found a hazy altar of Hepliaklqana.
  6524 | D:6      | Reached skill level 10 in Unarmed Combat
  6728 | D:7      | Reached skill level 2 in Fighting
  6728 | D:7      | Reached skill level 2 in Dodging
  6773 | D:7      | Found a burning altar of Makhleb.
  6899 | D:7      | Reached skill level 3 in Fighting
  6977 | D:7      | Noticed Maggie
  6991 | D:7      | Killed Maggie
  6992 | D:7      | Reached skill level 3 in Dodging
  7113 | D:7      | Reached skill level 4 in Fighting
  7278 | D:7      | Noticed Joseph
  7517 | D:7      | HP: 32/84 [Joseph/+0 quarterstaff (14)]
  7520 | D:7      | Killed Joseph
  7521 | D:7      | Reached XP level 10. HP: 37/94 MP: 10/10
  7920 | D:8      | Reached skill level 5 in Fighting
  8064 | D:8      | Noticed Pikel
  8084 | D:8      | Killed Pikel
  8085 | D:8      | Reached skill level 4 in Dodging
  8156 | D:8      | Reached skill level 6 in Fighting
  8463 | D:8      | Reached skill level 11 in Unarmed Combat
  8665 | D:8      | Reached skill level 5 in Dodging
  9071 | D:8      | Reached skill level 7 in Fighting
  9210 | D:9      | Found a shimmering blue altar of Sif Muna.
  9500 | D:9      | Reached skill level 8 in Fighting
  9517 | D:9      | Found a flagged portal.
  9541 | Bailey   | Entered a bailey
  9638 | Bailey   | Reached XP level 11. HP: 106/111 MP: 11/11
  9734 | Bailey   | Reached skill level 6 in Dodging
  9892 | Bailey   | Found an iron altar of Okawaru.
  9911 | Bailey   | Noticed a sun demon
  9914 | Bailey   | HP: 54/113 [something/ball of steam[a kobold demonologist]
                  | (43)]
  9916 | Bailey   | HP: 26/113 [something][a kobold demonologist] (16)]
  9917 | Bailey   | HP: 10/113 [something][a kobold demonologist] (16)]
  9920 | Bailey   | HP: 4/113 [gnoll/+0 hand axe (7)]
  9931 | Bailey   | Noticed a sixfirhy
 10385 | Bailey   | HP: 46/113 [electric eel/bolt of electricity (13)]
 10756 | Bailey   | Reached skill level 9 in Fighting
 10805 | Bailey   | sleeves: ??cache of meat
 10805 | Bailey   | beem: I don't have a page labeled cache_of_meat in my
                  | learndb.
 10891 | D:9      | Identified the +3 dagger of Tomorrow {speed, Int+5}
 10979 | D:9      | HP: 55/115 [unseen horror zombie (6)]
 10984 | D:9      | HP: 45/115 [unseen horror zombie (8)]
 11002 | D:9      | HP: 46/115 [howler monkey skeleton (5)]
 11007 | D:9      | HP: 44/115 [howler monkey skeleton (4)]
 11024 | D:9      | HP: 49/115 [centaur skeleton (2)]
 11031 | D:9      | HP: 50/115 [centaur skeleton (2)]
 11037 | D:9      | HP: 45/115 [centaur simulacrum (1)]
 11527 | D:9      | Identified the +4 halberd of Hacking and Slashing {protect,
                  | *Rage rElec Stlth+}
 11572 | D:10     | Entered Level 10 of the Dungeon
 11663 | D:10     | Noticed an arcanist
 11734 | D:11     | Noticed a cyclops
 11734 | D:11     | Found Yjos's Magic Scroll Shop.
 12456 | D:11     | Found Lealuth's Distillery.
 12464 | D:11     | Bought a potion of curing for 42 gold pieces
 12464 | D:11     | Bought a potion of curing for 42 gold pieces
 12464 | D:11     | Bought a potion of curing for 42 gold pieces
 12464 | D:11     | Bought a potion of magic for 112 gold pieces
 12464 | D:11     | Bought a potion of curing for 42 gold pieces
 12464 | D:11     | Noticed a two-headed ogre
 12464 | D:11     | Noticed a two-headed ogre
 12520 | D:11     | Killed a two-headed ogre
 12521 | D:11     | Reached skill level 7 in Dodging
 12521 | D:11     | Reached skill level 12 in Unarmed Combat
 12523 | D:11     | Reached skill level 10 in Fighting
 12584 | D:11     | Noticed an ogre mage
 12709 | D:10     | Found a staircase to the Lair.
 12796 | D:10     | Noticed a two-headed ogre
 12868 | D:10     | Killed a two-headed ogre
 13150 | D:11     | Noticed a two-headed ogre
 13164 | D:11     | Killed a two-headed ogre
 13244 | D:10     | Reached skill level 8 in Shapeshifting
 13260 | D:10     | HP: 50/117 [orc warrior/+0 trident (13)]
 13265 | D:10     | HP: 45/117 [orc warrior/+0 trident (7)]
 13326 | D:10     | HP: 42/117 [electric eel/bolt of electricity (9)]
 13645 | D:10     | Found a staircase to the Orcish Mines.
 13664 | D:10     | Reached skill level 8 in Dodging
 13724 | D:10     | Identified the +3 flail of Massacring {venom, ^Fragile rF+
                  | Str+2}
 13737 | D:10     | Killed an arcanist
 13738 | D:10     | Reached XP level 12. HP: 86/126 MP: 12/12
 13867 | D:10     | HP: 56/126 [arcanist/lance of force (24)]
 13870 | D:10     | HP: 8/126 [burnt (21)]
 13871 | D:10     | HP: 1/126 [burnt (7)]
 13871 | D:10     | Slain by an arcanist

Illustrated notes

Levels and vault maps discovered:
D:1:      mrwooster_arrival_statue, layout_basic
D:2:      layout_loops_cross, hellmonk_ecumenical_altar_leap_of_faith,
          serial_shops, shop
D:3:      layout_rooms, zin_purify, portal_sewer_entry_d,
          kennysheep_decorative_pillar, dreamdust_wishing_well
D:4:      layout_basic, uniq_sigmund, uniq_robin, uniq_blork_the_orc,
          uniq_duvessa, uniq_edmund
D:5:      layout_rooms, ashenzari_altar_1, minmay_temple_entry_nine_rooms,
          enter_ossuary_4, uniq_ijyb
D:6:      layout_cave_pools, gammafunk_temple_overflow_elements, uniq_jeremiah
D:7:      layout_loops_ring, lemuel_crystal_altar, uniq_maggie, uniq_joseph
D:8:      layout_rooms, minmay_misc_feat_square, uniq_pikel
D:9:      layout_basic, led_sif_pool, enter_bailey_5, hangedman_weighted_door
D:10:     layout_big_octagon, david_lair_shrubbed, erik_orc_2,
          bh_hangedman_babel_library
D:11:     layout_basic, serial_shops, shop, shop
D:12:     layout_gridville, portal_ice_cave_demonic_guard, drop_trap,
          grunt_decor_clamped
Temple:   nicolae_temple_slightly_damp_pantheon

Skill      XL: |  1  2  3  4  5  6  7  8  9 10 11 |
---------------+----------------------------------+-----
Unarmed Combat | 3 4 5 6 7 8 10 11 12 | 12.0
Shapeshifting  | 4 5 7 8 |  8.3
Fighting       | 4 8 10 | 10.0
Dodging        | 3 5 8 |  8.2

Action                     |  1- 3 |  4- 6 |  7- 9 | 10-12 || total
---------------------------+-------+-------+-------+-------++-------
  Melee: Unarmed           |    80 |   198 |   250 |   438 ||   966
         Headbutt          |     8 |    21 |    52 |   103 ||   184
         Punch             |       |     3 |     7 |       ||    10
  Evoke: Wand              |       |       |       |    15 ||    15
    Use: Scroll            |       |       |     6 |     6 ||    12
         Potion            |       |       |     4 |       ||     4
   Stab: Sleeping          |     1 |       |       |       ||     1
         Distracted        |       |       |     1 |     2 ||     3
 Armour: Animal skin       |    56 |    92 |    91 |       ||   239
         Skin              |       |       |    50 |   164 ||   214
  Dodge: Dodged            |    38 |    71 |    99 |   364 ||   572
   Form: Flux              |       |       |     1 |       ||     1

Table legend: (Time is in decaauts)
 A = Elapsed time spent in this place.
 B = Non-inter-level travel time spent in this place.
 C = Inter-level travel time spent in this place.
 D = Time resting spent in this place.
 E = Time spent auto-exploring this place.
 F = Levels seen in this place.
 G = Mean time per level.
                   A        B        C        D        E       F      G
               +--------+--------+--------+--------+--------+-----+--------+
         Total |  13744 |  11661 |   2083 |   3033 |   5470 |  16 |  859.0 |
       Dungeon |  11423 |   9377 |   2046 |   1905 |   5197 |  12 |  951.9 |
        Temple |     38 |      1 |     37 |      0 |      0 |   1 |   38.0 |
         Sewer |    215 |    215 |      0 |     37 |     23 |   1 |  215.0 |
       Ossuary |    767 |    767 |      0 |    346 |    203 |   1 |  767.0 |
        Bailey |   1299 |   1299 |      0 |    744 |     47 |   1 | 1299.0 |
               +--------+--------+--------+--------+--------+-----+--------+

Top non-repeatable levels by time:
  Bailey: 1299 daAuts
     D:9: 1280 daAuts
    D:10: 1270 daAuts
     D:3: 1225 daAuts
     D:7: 1205 daAuts
     D:4: 1167 daAuts
     D:5: 1021 daAuts
     D:6: 924 daAuts
    D:11: 884 daAuts
     D:2: 835 daAuts
     D:1: 810 daAuts
     D:8: 797 daAuts
 Ossuary: 767 daAuts
   Sewer: 215 daAuts
  Temple: 38 daAuts
